 Dungeon Crawl Stone Soup version 0.31-a0-221-gbddc013574 (webtiles) character file.

Game seed: 17448836574549960753

84 qw the Chopper (level 4, -1/28 HPs)
             Began as a Gargoyle Fighter on July 3, 2023.
             Slain by a goblin
             ... wielding a +0 club
              (5 damage)
             ... on level 3 of the Dungeon.
             The game lasted 00:00:37 (1058 turns).

qw the Chopper (Gargoyle Fighter)                   Turns: 1058, Time: 00:00:38

Health: -1/28      AC: 10    Str: 22    XL:     4   Next: 45%
Magic:  4/4        EV:  9    Int:  8    God:
Gold:   105        SH:  4    Dex:  9    Spells: 3/3 levels left

rFire   . . .        Y - +1 war axe (flame)
rCold   . . .        c - +0 buckler
rNeg    + . .        b - +0 scale mail
rPois   inf          (no helmet)
rElec   +            (no cloak)
rCorr   .            (no gloves)
SInv    .            (no boots)
Will    .....        k - amulet of the acrobat Stlth
                     (no ring)
HPRegen 0.24/turn    (no ring)
MPRegen 0.09/turn

%: acrobat
@: about to teleport
A: sickness immunity, AC +3, negative energy resistance 1, electricity
resistance, torment resistance 1, petrification resistance
a: no special abilities


You were on level 3 of the Dungeon.
You visited 1 branch of the dungeon, and saw 4 of its levels.

You collected 105 gold pieces.


Innate Abilities, Weirdness & Mutations

You are immune to sickness and miasma.
Your stone body is resilient. (AC +3)
You are immune to poison.
You resist negative energy. (rN+)
You are resistant to electric shocks. (rElec)
You are resistant to unholy torment.
You are immune to petrification.


   Skills:
 - Level 3.2 Fighting
 + Level 4.1 Axes
 - Level 3.2 Armour
 - Level 3.2 Shields


You had 3 spell levels left.
You didn't know any spells.
Your spell library was empty.

Inventory:

Hand Weapons
 Y - a +1 war axe of flaming (weapon)
Missiles
 n - 2 silver boomerangs (quivered)
Armour
 b - a +0 scale mail (worn)
 c - a +0 buckler (worn)
 i - a +0 chain mail
Jewellery
 k - an amulet of the acrobat (around neck)
Wands
 j - a wand of digging (8)
Scrolls
 g - a scroll of vulnerability {unknown}
Potions
 d - 3 potions of might
 e - a potion of degeneration {unknown}
 f - a potion of cancellation
 h - a potion of magic {unknown}
 l - a potion of haste {unknown}
 m - a potion of mutation {unknown}

Dungeon Overview and Level Annotations

Branches:
Dungeon (4/15)
 Temple: D:4-7

Altars:
Elyvilon
Gozag
Qazlal
Trog
Uskayaw
Wu Jian
The Shining One

Annotations:
D:3 Robin


Message History

The hobgoblin is severely wounded.
You closely miss Robin. You hit the hobgoblin but do no damage.
Robin hits you but does no damage. The hobgoblin hits you.
The hobgoblin barely misses you. Robin throws the goblin at you!
The hobgoblin barely misses you.
A goblin comes into view. It is wielding a +0 dagger.
The hobgoblin hits you. The goblin hits you but does no damage.
You slash the hobgoblin! You burn the hobgoblin.
You kill the hobgoblin!
You hit Robin. You burn Robin. You hit the goblin. You burn the goblin.
You kill the goblin!
You barely miss the hobgoblin. You hit the hobgoblin but do no damage.
You barely miss the hobgoblin. The hobgoblin barely misses you.
The hobgoblin hits you.
Robin roars a battlecry!
The goblins go into a battle-frenzy!
You hit Robin but do no damage.
Robin is heavily wounded.
You closely miss the hobgoblin. You hit the hobgoblin. You burn the hobgoblin.
You slash the hobgoblin! You burn the hobgoblin.
You kill the hobgoblin!
Robin throws the goblin at you! The hobgoblin closely misses you.
The hobgoblin hits you. You block the goblin's attack.
You barely miss the hobgoblin.
The hobgoblin is almost dead.
You hit the goblin. You burn the goblin.
You kill the goblin!
You closely miss Robin. You barely miss the goblin.
You barely miss the hobgoblin. You barely miss the goblin.
Robin hits you with a +0 spear. The hobgoblin hits you.
The goblin barely misses you. You block the goblin's attack.
The goblin closely misses you. The hobgoblin hits you.
The goblin hits you with a +0 club. The goblin misses you.
The goblin hits you with a +0 dagger. The hobgoblin closely misses you.
1058 ||| READING scroll of teleportation.
As you read the scroll of teleportation, it crumbles to dust.
You feel strangely unstable.
The goblin hits you but does no damage. x2; The goblin completely misses you.
The goblin hits you with a +0 club.
You die...

#...##### #....#
........# #....#
#...#...###########....#
.............>....#....#
........#########......#
.........# #..#####
##.......########...##
###............ggg...#
..##.....##...gg@g...#
#.#)......##..gggg...#
#............##.r.......
..##......##. #.........
............ ............
....#.%.)...##.........$.
###.....................
#..............###....
..##......


You could see Robin, 3 hobgoblins, 6 goblins and a rat.

Vanquished Creatures
  Terence (D:3)
  An adder (D:2)
  2 worms (D:3)
  5 orcs (D:3)
  4 ball pythons
  4 endoplasms
  4 goblins
  4 hobgoblins
  3 kobolds (D:3)
  A quokka (D:4)
  A bat (D:2)
  6 rats
36 creatures vanquished.

Notes
Turn   | Place    | Note
-------+----------+-------------------------------------------
     0 | D:1      | qw the Gargoyle Fighter began the quest for the Orb.
     0 | D:1      | Reached XP level 1. HP: 14/14 MP: 1/1
     0 | D:1      | 0 ||| qw: Version: 0.3-a-40-ge99b1a8
     0 | D:1      | 0 ||| qw: Game counter: 610
     0 | D:1      | 0 ||| qw: Melee chars always use a shield: true
     0 | D:1      | 0 ||| qw: God list: Okawaru
     0 | D:1      | 0 ||| qw: Allow faded altars: false
     0 | D:1      | 0 ||| qw: Do Orc after clearing Dungeon:15 true
     0 | D:1      | 0 ||| qw: Do second Lair branch before Depths: true
     0 | D:1      | 0 ||| qw: Lair rune preference: random
     0 | D:1      | 0 ||| qw: Goals: Normal, Zot:1-4, Slime:5, God:TSO, Crypt,
                  | Tomb, Abyss, Pan, Hells, Win
     0 | D:1      | 0 ||| PLANNING D:1-11
    67 | D:1      | Reached skill level 2 in Axes
   137 | D:1      | Found a faded altar of an unknown god.
   256 | D:1      | 256 ||| SWAPPING to +0 war axe of flaming.
   257 | D:1      | 257 ||| DROPPING +0 war axe.
   540 | D:1      | 540 ||| UPGRADING to amulet of the acrobat.
   545 | D:1      | 545 ||| READING scroll labelled FUPNIPT IMPU.
   548 | D:1      | 548 ||| READING scroll labelled WAAKOIF IKHU.
   549 | D:1      | 549 ||| READING 2 scrolls labelled MATZAFRUFAG.
   550 | D:1      | 550 ||| READING scroll labelled HAUDOBACWET.
   551 | D:1      | 551 ||| READING 2 scrolls labelled XIESME QOZXEPT.
   552 | D:1      | 552 ||| DRINKING 2 grey potions.
   553 | D:1      | 553 ||| DROPPING scroll of immolation.
   554 | D:1      | 554 ||| DROPPING scroll of noise.
   620 | D:2      | Reached XP level 2. HP: 19/19 MP: 2/2
   652 | D:2      | Found a hide-covered altar of Uskayaw.
   677 | D:2      | Reached skill level 3 in Axes
   677 | D:2      | Reached XP level 3. HP: 21/23 MP: 3/3
   715 | D:2      | 715 ||| Stepping ~*~*~tactically~*~*~ (hiding).
   763 | D:2      | You fall into a shaft and drop 2 floors!
   763 | D:4      | Found an opulent altar of Gozag.
   763 | D:4      | Found a glowing golden altar of the Shining One.
   763 | D:4      | Found an ornate altar of the Wu Jian Council.
   764 | D:4      | Found a white marble altar of Elyvilon.
   769 | D:4      | Found a bloodstained altar of Trog.
   775 | D:4      | Found a stormy altar of Qazlal.
   822 | D:4      | 822 ||| FLEEEEING.
   823 | D:4      | 823 ||| FLEEEEING.
   824 | D:4      | 824 ||| STAIRDANCE
   826 | D:3      | Noticed Terence
   831 | D:3      | Killed Terence
   837 | D:3      | Reached XP level 4. HP: 20/28 MP: 4/4
   895 | D:3      | 895 ||| Stepping ~*~*~tactically~*~*~ (stealth).
   897 | D:3      | 897 ||| Stepping ~*~*~tactically~*~*~ (stealth).
   932 | D:3      | 932 ||| Stepping ~*~*~tactically~*~*~ (hiding).
   934 | D:3      | 934 ||| Stepping ~*~*~tactically~*~*~ (hiding).
   936 | D:3      | 936 ||| Stepping ~*~*~tactically~*~*~ (hiding).
   937 | D:3      | 937 ||| Stepping ~*~*~tactically~*~*~ (hiding).
   938 | D:3      | 938 ||| Stepping ~*~*~tactically~*~*~ (hiding).
   939 | D:3      | 939 ||| Stepping ~*~*~tactically~*~*~ (hiding).
   955 | D:3      | 955 ||| Stepping ~*~*~tactically~*~*~ (stealth).
   962 | D:3      | Reached skill level 4 in Axes
   979 | D:3      | 979 ||| Stepping ~*~*~tactically~*~*~ (stealth).
  1007 | D:3      | 1007 ||| Stepping ~*~*~tactically~*~*~ (stealth).
  1009 | D:3      | 1009 ||| Stepping ~*~*~tactically~*~*~ (stealth).
  1010 | D:3      | 1010 ||| Stepping ~*~*~tactically~*~*~ (stealth).
  1048 | D:3      | Noticed Robin
  1057 | D:3      | HP: 7/28 [hobgoblin[Robin] (2)]
  1058 | D:3      | 1058 ||| READING scroll of teleportation.
  1058 | D:3      | Slain by a goblin

Levels and vault maps discovered:
D:1:      amcnicky_arrival_blooded_trapdoor, layout_loops_ring,
          hellmonk_ecumenical_altar_heavens_door, minmay_pentomino_q2
D:2:      layout_rooms, basic_altar
D:3:      layout_rooms, grunt_temple_overflow_magic_moments, uniq_terence,
          uniq_robin
D:4:      layout_loops_ring, nicolae_overflow_hallway_of_the_gods

Skill      XL: |  1  2  3  4 |
---------------+-------------+-----
Axes           | 2 3 4 |  4.1
Fighting       | |  3.2
Armour         | |  3.2
Shields        | |  3.2

Action                     |  1- 3 |  4- 6 || total
---------------------------+-------+-------++-------
  Melee: War axe           |    51 |    34 ||    85
  Throw: Boomerang         |       |     7 ||     7
    Use: Scroll            |     5 |     1 ||     6
         Potion            |     1 |       ||     1
 Armour: Scale mail        |    29 |     9 ||    38
  Dodge: Dodged            |    15 |    25 ||    40
  Block: Buckler           |    15 |     6 ||    21

Table legend:
 A = Non-vault XP
 B = Vault XP
 C = Vault XP percentage of total XP
 D = Non-vault monster count
 E = Vault monster count
 F = Vault count percentage of total count
                 A         B        C        D         E       F
            +---------+---------+-------+---------+---------+-------
      Total |      73 |      47 |  39.2 |      29 |       7 |  19.4
            +---------+---------+-------+---------+---------+-------
        D:1 |       6 |       3 |  33.3 |       3 |       2 |  40.0
        D:2 |      31 |       0 |   0.0 |      12 |       0 |   0.0
        D:3 |      34 |      44 |  56.4 |      13 |       5 |  27.8
        D:4 |       2 |       0 |   0.0 |       1 |       0 |   0.0
            +---------+---------+-------+---------+---------+-------
